 Dungeon Crawl Stone Soup version 0.30-b1-2-g02819fbbbe (webtiles) character file.

Game seed: 14605763885514983267

2 sanka the Trooper (level 1, -2/24 HPs)
             Began as an Ogre Delver on May 10, 2023.
             Slain by a scorpion (3 damage)
             ... on level 5 of the Dungeon.
             The game lasted 00:00:51 (111 turns).

sanka the Trooper (Ogre Delver)                      Turns: 111, Time: 00:00:52

Health: -2/24      AC:  3    Str: 15    XL:     1   Next: 40%
Magic:  1/1        EV:  9    Int: 11    God:
Gold:   28         SH:  0    Dex: 10    Spells: 0/0 levels left

rFire   . . .        a - +0 mace
rCold   . . .        (no shield)
rNeg    . . .        b - +0 robe
rPois   .            (helmet restricted)
rElec   .            (no cloak)
rCorr   .            (gloves unavailable)
SInv    .            (boots unavailable)
Will    .....        (no amulet)
Stlth   ++           (no ring)
HPRegen 0.24/turn    (no ring)
MPRegen 0.07/turn

%: no passive effects
@: lethally poisoned (-2 -> -5), marked, hasted, very quick
A: large, unfitting armour, tough skin 1
a: no special abilities


You were on level 5 of the Dungeon.
You visited 1 branch of the dungeon, and saw 1 of its levels.

You collected 28 gold pieces.

Inventory:

Hand Weapons
 a - a +0 mace (weapon)
 h - a +0 war axe of flaming
Armour
 b - a +0 robe (worn)
Wands
 g - a wand of digging (3)
Scrolls
 c - a scroll of fog
 d - a scroll of torment {unknown}
 e - a scroll of fear


   Skills:
 - Level 4.0 Fighting
 + Level 2.0 Maces & Flails
 - Level 1.7 Dodging
 - Level 3.7 Stealth


You couldn't memorise any spells.
You didn't know any spells.
Your spell library was empty.

Dungeon Overview and Level Annotations

Branches:
Dungeon (5/15)
 Temple: D:4-7

Altars:


Innate Abilities, Weirdness & Mutations

You are too large for most types of armour.
You have tough skin. (AC +1)


Message History

You barely miss the hound.
The hound is lightly wounded.
The hound bites you but does no damage.
A scorpion comes into view.
The hound closely misses you.
You barely miss the hound.
The hound is lightly wounded.
The hound bites you.
You hit the hound.
The hound is heavily wounded.
The hound closely misses you. The scorpion stings you.
You are poisoned.
The scorpion poisons you!
Unknown command.
Unknown command.
You sock the scorpion!
The scorpion is heavily wounded.
You feel sick. The hound bites you. The scorpion stings you.
* * * LOW HITPOINT WARNING * * *
The hound bites you.
* * * LOW HITPOINT WARNING * * *
Unknown command.
Unknown command.
You aren't carrying any potions.
* * * LOW HITPOINT WARNING * * *
You feel sick. The scorpion barely misses you.
Unknown command.
* * * LOW HITPOINT WARNING * * *
You feel sick.
You hit the scorpion but do no damage.
The scorpion is heavily wounded.
* * * LOW HITPOINT WARNING * * *
You feel sick. The scorpion barely misses you.
Unknown command.
You hit the scorpion.
You punch the scorpion, but do no damage.
The scorpion is heavily wounded.
* * * LOW HITPOINT WARNING * * *
You feel sick. The hound closely misses you. The scorpion stings you.
You die...

*,,,,,,.............W....#
#
****,*,##.##......#.######
# *,,,.........W##.# #
***,**.##ss...##.#
*,,*,*##W#####.# **,*,*
#S#***#.#******* *,#,*
#.#*,,...,,,,,,*
*,#.###.#*,*###,****,*
*,#..@sS#*,****,* *,*
*,####h.......,,****,* *,*
##.##.#..,,,,,,,, *,*
#.#,,..,*******, *,*
#.#,,**.*~~~~~*, *,*
#.#,,**,*~~∩~~+,
*,****#..,,,,,*~~~~~*,
*,,,,,,..,,**,*******,
**********,,,,,,,,,,,,


You could see a scorpion, a hound and an adder.

Vanquished Creatures
  2 quokkas (D:5)
2 creatures vanquished.

Notes
Turn   | Place    | Note
-------+----------+-------------------------------------------
     0 | D:5      | sanka the Ogre Delver began the quest for the Orb.
     0 | D:5      | Reached XP level 1. HP: 24/24 MP: 1/1
    78 | D:5      | Noticed a phantom
    90 | D:5      | Noticed a hound
   102 | D:5      | Noticed a scorpion
   103 | D:5      | Noticed a scorpion
   104 | D:5      | Noticed a scorpion
   111 | D:5      | HP: 1/24 [poisoned by a scorpion]
   111 | D:5      | Slain by a scorpion

Illustrated notes

Levels and vault maps discovered:
D:5:      layout_loops_ring, mainiacjoe_overflow_alcove_4,
          gup_sewer_entry_glass, due_unseen_surprise

Skill      XL: |  1 |
---------------+----+-----
Maces & Flails | 2 |  2.0
Fighting       | |  4.0
Dodging        | |  1.7
Stealth        | |  3.7

Action                     || total
---------------------------++-------
  Melee: Mace              ||    18
         Punch             ||     1
    Use: Scroll            ||     1
         Potion            ||     1
 Armour: Robe              ||    10
  Dodge: Dodged            ||    18
